Map: Blackpink LE

Players

Guru

  • Race: Zerg Zerg
  • Spawn Location: 1:00

HateMe - Winner!

  • Race: Zerg Zerg
  • Spawn Location: 7:00

Event: WCS Leipzig 2018

VOD

Have the link to the VOD?

Description

Time

  • Played on: Jan. 26, 2018, 10:11 a.m.
  • Length: 17:50

All games in this series

Show
View Real Time Build Order
Export as new Build Order

Guru Zerg 

Build Orders: Hatch First, Lurkers 

Get SALT Encoding   

  12  0:01  Drone  
  13  0:13  Overlord  
  13  0:17  Drone  
  14  0:31  Drone  
  14  0:32  Drone  
  16  0:36  Drone  
  17  0:53  Hatchery  
  17  0:55  Drone  
  17  0:58  Drone  
  18  1:11  Extractor  
  17  1:13  Spawning Pool  
  17  1:16  Drone  
  17  1:19  Drone  
  18  1:28  Drone  
  19  1:50  Drone  
  20  2:00  Queen  
  22  2:04  Queen  
  22  2:05  Zergling x4  
  26  2:10  Metabolic Boost  
  26  2:11  Drone x2  
  28  2:25  Hatchery  
  28  2:27  Drone  
  28  2:33  Overlord  
  28  2:40  Overlord  
  28  2:52  Zergling x2  
  28  2:53  Zergling x2  
  28  2:55  Drone x2  
  28  2:56  Drone  
  33  3:04  Drone  
  34  3:10  Zergling x10  
  34  3:12  Drone x2  
  41  3:13  Drone  
  42  3:21  Baneling Nest  
  42  3:23  Queen  
  42  3:26  Overlord  
  43  3:32  Drone  
  44  3:42  Drone x3  
  44  3:43  Drone x3  
  44  3:46  Drone x3  
  53  3:49  Drone  
  54  3:56  Drone  
  54  3:57  Evolution Chamber  
  54  4:00  Drone x3  
  54  4:01  Drone  
  58  4:05  Baneling x2  
  58  4:06  Baneling  
  58  4:11  Extractor  
  58  4:12  Extractor  
  58  4:13  Drone x2  
  58  4:15  Roach Warren  
  58  4:16  Drone  
  58  4:28  Overlord  
  58  4:34  Overlord  
  58  4:39  Overlord  
  58  4:42  Overlord  
  58  4:47  Zerg Missile Weapons Level 1  
  58  4:48  Drone x2  
  58  4:49  Drone  
  58  4:50  Drone  
  58  4:51  Drone x4  
  66  4:53  Drone  
  66  4:54  Drone x2  
  67  5:04  Drone x3  
  67  5:11  Zergling x10  
  70  5:15  Roach  
  70  5:17  Lair  
  70  5:19  Roach x3  
  70  5:30  Hatchery  
  70  5:31  Drone x5  
  70  5:33  Drone  
  73  5:37  Drone  
  73  5:38  Drone, Overlord  
  75  5:44  Overlord  
  75  5:47  Overlord  
  77  5:50  Roach x4  
  81  5:59  Drone x2  
  81  6:03  Extractor  
  82  6:04  Extractor  
  82  6:05  Drone x3  
  86  6:11  Roach x3  
  86  6:12  Roach  
  86  6:16  Roach x3, Glial Reconstitution  
  99  6:22  Roach x2  
  99  6:24  Ravager x2, Overlord  
  105  6:26  Overlord  
  105  6:28  Roach x2  
  105  6:30  Overlord  
  109  6:35  Overlord  
  109  6:38  Drone  
  110  6:40  Extractor  
  110  6:41  Overlord  
  110  6:42  Drone  
  110  6:43  Drone x2  
  110  6:45  Roach x2  
  110  6:46  Overseer  
  116  6:47  Drone  
  116  6:51  Queen  
  116  6:52  Zerg Missile Weapons Level 2, Overlord  
  119  6:55  Drone  
  119  6:57  Evolution Chamber  
  119  7:01  Drone x3  
  119  7:02  Drone x2  
  119  7:03  Overlord  
  119  7:05  Unknown  
  119  7:06  Roach x4  
  132  7:08  Overlord  
  134  7:15  Roach  
  134  7:16  Roach x3  
  134  7:17  Roach  
  146  7:22  Roach  
  146  7:23  Roach x2  
  146  7:25  Overlord  
  146  7:28  Zerg Ground Armor Level 1  
  146  7:29  Roach  
  150  7:31  Roach  
  150  7:34  Roach x2  
  155  7:37  Roach  
  155  7:38  Roach  
  155  7:40  Overlord  
  155  7:41  Overlord  
  159  7:45  Roach x3  
  159  7:50  Roach  
  164  7:53  Roach x2  
  164  7:56  Roach x2  
  165  8:01  Drone x3  
  165  8:05  Roach x5  
  165  8:13  Roach x4  
  165  8:18  Roach  
  171  8:25  Roach  
  171  8:26  Roach x3  
  159  8:27  Roach  
  159  8:28  Roach  
  159  8:29  Roach  
  159  8:30  Roach x2  
  167  8:36  Ravager  
  167  8:37  Overlord  
  168  8:43  Extractor  
  168  8:48  Roach x2  
  171  8:49  Ravager x2  
  171  8:50  Roach  
  171  8:52  Roach  
  171  8:54  Roach  
  171  8:55  Roach  
  181  9:03  Roach  
  181  9:04  Roach x4  
  181  9:06  Roach  
  181  9:09  Roach x2  
  197  9:13  Spine Crawler  
  197  9:15  Spine Crawler, Spore Crawler  
  197  9:16  Drone x3  
  198  9:17  Drone x2  
  198  9:18  Spine Crawler  
  198  9:21  Roach  
  200  9:26  Hydralisk Den  
  200  9:28  Ravager  
  196  10:00  Muscular Augments, Lurker Den  
  196  10:01  Roach  
  196  10:05  Ravager x5  
  196  10:06  Roach  
  182  10:29  Drone x3  
  183  10:37  Hydralisk x9  
  192  10:48  Hydralisk x4  
  178  10:53  Roach  
  178  10:54  Roach  
  178  10:55  Roach  
  178  10:56  Roach x3  
  159  10:59  Roach x2  
  159  11:02  Roach  
  159  11:03  Roach x2  
  154  11:04  Zergling x2  
  154  11:05  Zergling x16  
  154  11:07  Roach  
  154  11:09  Roach, Overseer  
  154  11:11  Roach  
  169  11:16  Roach x3  
  169  11:18  Roach  
  177  11:20  Roach  
  177  11:21  Roach  
  177  11:23  Hatchery  
  180  11:28  Lurker  
  181  11:33  Drone, Extractor  
  181  11:34  Drone x3, Extractor  
  181  11:35  Drone x2  
  180  11:41  Lurker x2  
  182  11:47  Drone, Lurker  
  182  11:48  Drone x3  
  182  11:51  Drone x2, Infestation Pit  
  188  11:58  Zergling x2  
  188  11:59  Zergling x4  
  188  12:01  Roach x2  
  190  12:19  Hydralisk x4  
  190  12:21  Lurker x2  
  190  12:22  Lurker  
  192  12:32  Hive  
  192  12:36  Hydralisk x4  
  194  12:51  Hydralisk  
  194  12:54  Hydralisk  
  186  13:00  Hydralisk x2  
  186  13:01  Hydralisk  
  177  13:09  Hydralisk  
  177  13:10  Hydralisk  
  177  13:12  Drone x2  
  171  13:15  Roach  
  171  13:16  Roach x15  
  199  13:39  Hydralisk x4  
  198  13:41  Zergling x4  
  198  13:43  Hydralisk  
  198  13:44  Hydralisk  
  198  13:48  Zergling x2  
  195  13:56  Hydralisk x2  
  195  13:58  Hydralisk x3  
  183  14:04  Hydralisk x3  
  174  14:10  Roach  
  174  14:11  Roach, Hydralisk x2  
  174  14:12  Hydralisk x3  
  174  14:14  Zergling x2  
  174  14:15  Zergling x10  
  171  14:17  Hydralisk  
  171  14:21  Drone  
  164  14:27  Drone x2  
  160  14:33  Hydralisk x2  
  150  14:38  Overlord  
  122  14:54  Overlord  
  122  14:55  Hatchery  
  111  15:03  Drone x2  
  113  15:10  Lurker x3  
  113  15:12  Drone x2  
  119  15:19  Hatchery  
  110  15:33  Hatchery  
  91  16:48  Overlord  
  91  16:51  Overlord  
  86  17:08  Drone  
  86  17:09  Drone  
  86  17:17  Drone  
Show
View Real Time Build Order
Export as new Build Order

HateMe Zerg - Winner!

Build Orders: Hatch First, Lurkers 

Get SALT Encoding   

  12  0:02  Drone  
  13  0:12  Overlord  
  13  0:17  Drone  
  14  0:30  Drone x2  
  14  0:34  Drone  
  17  0:51  Hatchery  
  17  0:54  Drone  
  17  0:57  Drone  
  17  1:01  Extractor  
  17  1:12  Spawning Pool  
  17  1:15  Drone  
  17  1:19  Drone  
  18  1:28  Drone  
  19  1:38  Overlord  
  19  1:49  Drone  
  20  1:59  Queen  
  22  2:02  Queen  
  22  2:04  Metabolic Boost  
  22  2:05  Zergling x4  
  26  2:11  Drone  
  26  2:13  Drone  
  28  2:22  Drone  
  29  2:24  Drone  
  30  2:36  Hatchery  
  29  2:38  Drone  
  29  2:40  Zergling x2  
  29  2:44  Zergling x2  
  32  2:48  Baneling Nest  
  31  2:52  Zergling x2  
  31  2:57  Overlord  
  31  2:58  Drone  
  32  3:06  Drone  
  32  3:10  Drone x2  
  32  3:12  Overlord  
  35  3:15  Zergling x4  
  37  3:20  Drone  
  37  3:21  Drone  
  39  3:31  Baneling x2  
  39  3:32  Baneling x2, Queen  
  40  3:36  Zergling x4  
  40  3:39  Baneling  
  42  3:45  Baneling  
  42  3:52  Overlord  
  42  3:54  Drone x6  
  48  4:03  Drone  
  48  4:04  Drone x4  
  53  4:14  Extractor, Roach Warren  
  51  4:17  Zergling x4  
  51  4:18  Zergling x2, Evolution Chamber  
  53  4:25  Drone x4  
  53  4:30  Lair  
  56  4:33  Overlord  
  56  4:34  Drone  
  56  4:35  Drone  
  56  4:38  Drone  
  59  4:42  Drone  
  60  4:48  Overlord  
  60  4:49  Drone  
  60  4:52  Drone x5  
  66  4:53  Drone  
  66  4:57  Zerg Missile Weapons Level 1  
  66  5:06  Overlord  
  65  5:08  Drone x5  
  65  5:09  Drone x2  
  68  5:15  Extractor  
  68  5:19  Roach x3  
  72  5:30  Roach x4  
  72  5:35  Extractor  
  77  5:36  Extractor  
  77  5:38  Extractor  
  77  5:40  Zergling x8  
  77  5:41  Overlord  
  77  5:42  Roach x2  
  83  5:44  Overlord x2  
  83  5:49  Roach x2  
  87  5:54  Queen  
  87  6:00  Drone x2  
  87  6:01  Drone x5  
  87  6:02  Glial Reconstitution  
  94  6:07  Drone  
  94  6:08  Drone x4  
  99  6:12  Overlord  
  99  6:17  Drone  
  100  6:19  Drone x2  
  101  6:26  Drone  
  101  6:27  Hatchery, Overlord  
  101  6:28  Overlord  
  101  6:32  Roach x2  
  105  6:35  Roach x2  
  105  6:39  Hydralisk Den  
  108  6:42  Roach x2  
  112  6:49  Overlord  
  112  6:50  Pneumatized Carapace, Overseer  
  112  6:51  Roach  
  112  6:52  Roach x2  
  118  6:54  Zerg Missile Weapons Level 2  
  118  6:56  Roach  
  118  6:58  Unknown, Roach  
  122  7:04  Overlord  
  122  7:07  Overlord x2  
  122  7:12  Drone  
  122  7:13  Roach x3, Lurker Den  
  130  7:15  Roach  
  130  7:20  Overlord  
  130  7:23  Roach x3  
  130  7:24  Roach  
  138  7:31  Roach x3  
  144  7:37  Roach x4  
  144  7:39  Ravager x4  
  144  7:40  Overlord  
  144  7:42  Roach  
  156  7:44  Roach  
  156  7:48  Overseer x2  
  154  7:57  Roach x6  
  162  8:05  Roach x6  
  170  8:07  Overseer  
  170  8:13  Overlord  
  170  8:15  Extractor  
  170  8:16  Extractor  
  170  8:17  Drone x4  
  170  8:18  Drone x2  
  154  8:29  Hydralisk  
  154  8:30  Hydralisk x4  
  164  8:34  Hydralisk x2  
  164  8:39  Hydralisk x2  
  172  8:57  Lurker x3  
  175  9:03  Muscular Augments  
  175  9:10  Lurker  
  175  9:11  Lurker  
  175  9:14  Spine Crawler x2, Drone x4  
  175  9:15  Spine Crawler  
  175  9:16  Lurker  
  175  9:17  Spine Crawler x2  
  178  9:18  Spine Crawler  
  178  9:19  Spine Crawler  
  178  9:20  Zerg Ground Armor Level 1  
  175  9:27  Lurker  
  175  9:29  Queen  
  178  9:35  Drone  
  178  9:36  Drone  
  178  9:37  Hatchery, Infestation Pit  
  178  9:45  Roach x7  
  192  9:50  Unknown  
  185  10:03  Roach  
  185  10:04  Roach x6  
  199  10:17  Unknown  
  199  10:19  Roach x2  
  197  10:23  Hive  
  193  10:30  Roach x3  
  197  10:38  Spine Crawler x3  
  197  10:40  Drone  
  197  10:41  Drone x2  
  176  10:53  Hydralisk x11  
  176  10:56  Roach x2  
  152  11:04  Roach x4  
  158  11:14  Zerg Ground Armor Level 2  
  158  11:17  Evolution Chamber  
  157  11:19  Lurker  
  157  11:20  Lurker x2  
  157  11:23  Lurker  
  161  11:28  Lurker x3  
  161  11:30  Roach x4  
  161  11:31  Roach x2  
  161  11:32  Lurker  
  177  11:33  Lurker  
  178  11:41  Adaptive Talons  
  178  11:43  Zerg Missile Weapons Level 3  
  178  11:45  Drone x3  
  181  12:01  Overseer  
  169  12:18  Roach x5  
  169  12:19  Roach x13  
  172  12:27  Lurker x3  
  175  12:32  Overseer  
  175  12:33  Overseer  
  175  12:35  Roach  
  175  12:36  Roach x5  
  187  12:39  Roach  
  187  12:40  Roach x2  
  187  12:48  Unknown x5, Roach  
  187  12:49  Roach x4  
  176  12:58  Roach  
  176  12:59  Roach x5  
  166  13:07  Hydralisk x4  
  166  13:11  Roach  
  166  13:12  Roach  
  178  13:18  Viper x2  
  184  13:28  Overlord x2  
  184  13:38  Roach x2  
  177  13:53  Roach x6  
  183  14:14  Overlord x3  
  183  14:15  Overlord x3  
  133  14:26  Roach  
  133  14:27  Roach x3  
  130  14:33  Roach x5  
  134  14:39  Roach  
  134  14:40  Roach  
  128  14:46  Roach  
  128  14:49  Roach x2  
  127  14:56  Roach  
  124  15:07  Hydralisk  
  123  15:11  Hatchery  
  123  15:12  Hydralisk  
  121  15:17  Hydralisk x3  
  109  15:21  Overseer  
  109  15:26  Hydralisk  
  107  15:32  Lurker  
  106  15:56  Lurker x4  
  110  15:57  Overlord x2  
  110  16:08  Overseer  
  110  16:13  Overseer  
  110  16:18  Unknown x3  
  110  17:07  Drone x6  
Tags
 
Add a new tag
Caveats
  • Supply blocks, unpowered buildings, or Contaminate may cause inaccurate times.
  • Supply counts are checked every 10 seconds.